 Dungeon Crawl Stone Soup version 0.17.1-3-g152610e (webtiles) character file.

32 Goblin1989 the Poker (level 3, -2/27 HPs)
             Began as a Demonspawn Gladiator on Mar 28, 2016.
             Was an Initiate of Cheibriados.
             Slain by a worm (7 damage)
             ... on level 3 of the Dungeon.
             The game lasted 00:03:24 (1525 turns).

Goblin1989 the Poker (Demonspawn Gladiator)         Turns: 1525, Time: 00:03:24

Health: -2/27      AC:  5    Str: 16    XL:     3   Next: 10%
Magic:  3/3        EV: 11    Int: 11    God:    Cheibriados [......]
Gold:   54         SH:  0    Dex: 14    Spells: 0 memorised, 2 levels left

rFire  . . .     SeeInvis .     a - +0 trident
rCold  . . .     Clarity  .     k - +0 ring mail
rNeg   . . .     SustAt   .     (no shield)
rPois  .         Gourm    .     (helmet restricted)
rElec  .         Spirit   .     (no cloak)
rCorr  .         Warding  .     (no gloves)
rMut   .         Stasis   .     (no boots)
MR     +....                    (no amulet)
Stlth  +.........               (no ring)
                                n - ring of protection from magic

@: very slow, somewhat resistant to hostile enchantments, very unstealthy
A: antennae 1
a: Bend Time, Renounce Religion


You were on level 3 of the Dungeon.
You worshipped Cheibriados.
Cheibriados was noncommittal.
You were not hungry.

You visited 1 branch of the dungeon, and saw 3 of its levels.

You collected 54 gold pieces.

Inventory:

Hand Weapons
 a - a +0 trident (weapon)
Missiles
 d - 3 throwing nets (quivered)
Armour
 k - a +0 ring mail (worn)
 o - a +0 plate armour
Jewellery
 n - a ring of protection from magic (left hand)
Scrolls
 c - a scroll of noise {unknown}
 f - a scroll of magic mapping {unknown}
 h - a scroll of fear {unknown}
 l - 4 scrolls of identify
 m - 2 scrolls of recharging
 p - a scroll of amnesia {unknown}
Potions
 g - a potion of curing
 j - a potion of ambrosia
Comestibles
 e - 3 bread rations


   Skills:
 - Level 2.0 Fighting
 * Level 3.9 Polearms
 - Level 1.7 Throwing
 - Level 2.6 Dodging


You had 2 spell levels left.
You didn't know any spells.

Dungeon Overview and Level Annotations

Branches:
Dungeon (3/15)

Altars:
Cheibriados
Qazlal
Ru


Innate Abilities, Weirdness & Mutations

You have a pair of small antennae on your head.


Message History

You barely miss the worm.
The worm is almost dead.
The hobgoblin closely misses you. The worm barely misses you.
Unknown command.
Your ring mail prevents you from hitting the worm.
The worm is almost dead.
The hobgoblin hits you but does no damage.
The worm bites you.
* * * LOW HITPOINT WARNING * * *
You hit the worm but do no damage.
The worm is almost dead.
The hobgoblin closely misses you. The hobgoblin hits you with a club.
* * * LOW HITPOINT WARNING * * *
The worm barely misses you. The worm bites you but does no damage.
The hobgoblin closely misses you.
You hit the worm but do no damage.
The worm is severely wounded.
The worm bites you!
You die...

##########
##........##
#.....<....#
#...g......#
#..@w(.....#
#?............
#....).....###
#..........#
#..?.......#
#..........#
##........##
##########


You could see a worm and a hobgoblin.

Vanquished Creatures
  2 oozes (D:2)
  A worm (D:2)
  3 bats
  2 giant cockroaches
  A goblin (D:2)
  3 hobgoblins
  A ball python (D:1)
  A giant newt (D:2)
  3 kobolds
  4 rats (D:1)
21 creatures vanquished.

Notes
Turn   | Place    | Note
--------------------------------------------------------------
     0 | D:1      | Goblin1989 the Demonspawn Gladiator began the quest for the Orb.
     0 | D:1      | Reached XP level 1. HP: 16/16 MP: 1/1
    71 | D:1      | Reached skill level 3 in Polearms
   692 | D:2      | Gained mutation: You have a pair of small antennae on your head. [demonic ancestry]
   692 | D:2      | Reached XP level 2. HP: 22/22 MP: 2/2
   763 | D:2      | Found a faded altar to an unknown god.
   856 | D:2      | Noticed a fire elemental
   858 | D:2      | Found a stormy altar of Qazlal.
   859 | D:2      | Noticed an air elemental
   859 | D:2      | Noticed an earth elemental
   859 | D:2      | Noticed a water elemental
  1000 | D:2      | Found a snail-covered altar of Cheibriados.
  1104 | D:2      | Became a worshipper of Cheibriados the Contemplative
  1159 | D:2      | Found a sacrificial altar of Ru.
  1261 | D:2      | Reached XP level 3. HP: 27/27 MP: 3/3
  1525 | D:3      | Slain by a worm

Action                   || total
-------------------------++-------
Melee: Trident           ||    76
  Use: Scroll            ||     3
 Stab: Sleeping          ||     1
  Eat: Meat ration       ||     1
